 Dungeon Crawl Stone Soup version 0.27-a0-1154-gfdeffcb720 (webtiles) character file.

Game seed: 11419318015484396277

9 polve the Skirmisher (level 2, -2/24 HPs)
             Began as a Demonspawn Abyssal Knight on May 14, 2021.
             Was an Initiate of Lugonu.
             Slain by a jackal (3 damage)
             ... on level 1 of the Dungeon.
             The game lasted 00:00:29 (468 turns).

polve the Skirmisher (Demonspawn Abyssal Knight)     Turns: 468, Time: 00:00:29

Health: -2/24      AC:  3    Str: 12    XL:     2   Next: 3%
Magic:  3/3        EV: 11    Int: 13    God:    Lugonu [......]
Gold:   26         SH:  0    Dex: 12    Spells: 1/1 levels left

rFire    . . .     SeeInvis .   a - +1 short sword
rCold    . . .     Faith    .   (no shield)
rNeg     . . .     Spirit   .   b - +0 leather armour
rPois    .         Reflect  .   (no helmet)
rElec    .         Harm     .   (no cloak)
rCorr    .         Rampage  .   (no gloves)
Will     .....                  (no boots)
Stlth    +.........             (no amulet)
HPRegen  0.08/turn              (no ring)
MPRegen  0.08/turn              (no ring)

@: no status effects
A: powered by pain 1
a: Renounce Religion


You were on level 1 of the Dungeon.
You worshipped Lugonu.
Lugonu was noncommittal.
You visited 1 branch of the dungeon, and saw 1 of its levels.
You visited the Abyss 1 time.

You collected 26 gold pieces.

Inventory:

Hand Weapons
 a - a +1 short sword (weapon)
Armour
 b - a +0 leather armour (worn)
Potions
 c - a potion of lignification {unknown}
 d - a potion of might {unknown}


   Skills:
 - Level 3.0 Fighting
 + Level 2.5 Short Blades
 - Level 1.7 Armour
 - Level 0.8 Dodging
 - Level 2.4 Invocations


You had one spell level left.
You didn't know any spells.
Your spell library contained the following spells:

 Spells                   Type           Power      Damage    Failure   Level
 Summon Small Mammal      Summ           0%         N/A       36%         1
 Call Imp                 Summ           0%         N/A       52%         2
 Call Canine Familiar     Summ           0%         N/A       75%         3
 Summon Guardian Golem    Hex/Summ       0%         N/A       75%         3
 Summon Ice Beast         Ice/Summ       0%         N/A       98%         4
 Summon Lightning Spire   Summ/Air       0%         N/A       98%         4


Dungeon Overview and Level Annotations

Branches:
Dungeon (1/15)

Altars:


Innate Abilities, Weirdness & Mutations

You sometimes gain a little power by taking damage.


Message History

The jackal barely misses you.
The jackal bites you but does no damage.
The jackal misses you. The jackal barely misses you.
The jackal closely misses you. The jackal bites you.
The jackal closely misses you. The jackal bites you.
The jackal barely misses you. The jackal bites you. The jackal bites you.
* * * LOW HITPOINT WARNING * * *
The jackal bites you but does no damage.
The jackal barely misses you. The jackal barely misses you.
The jackal closely misses you.
The jackal bites you but does no damage.
The jackal bites you.
* * * LOW HITPOINT WARNING * * *
The jackal bites you.
* * * LOW HITPOINT WARNING * * *
The jackal bites you but does no damage.
The jackal bites you but does no damage.
The jackal closely misses you.
The jackal bites you but does no damage.
The jackal bites you.
* * * LOW HITPOINT WARNING * * *
The jackal bites you but does no damage.
The jackal bites you but does no damage. x2
The jackal bites you but does no damage.
The jackal closely misses you.
The jackal bites you but does no damage.
The jackal bites you but does no damage.
The jackal bites you but does no damage.
The jackal bites you but does no damage.
The jackal bites you.
* * * LOW HITPOINT WARNING * * *
The jackal closely misses you. The jackal bites you.
* * * LOW HITPOINT WARNING * * *
The jackal misses you. The jackal bites you.
You die...

........# #†#
(.......# #.#
........# #.#
........# #.#
........# #.#
........###.#
.........##.#
.........##.#
.....#+#.h@.#
### ######


You could see a jackal.

Vanquished Creatures
  An endoplasm (D:1)
  2 hobgoblins (D:1)
  2 jackals (D:1)
  A ball python (D:1)
  A bat (D:1)
  A rat (D:1)
8 creatures vanquished.

Notes
Turn   | Place    | Note
-------+----------+-------------------------------------------
     0 | Abyss:1  | polve the Demonspawn Abyssal Knight began the quest for the
                  | Orb.
     0 | Abyss:1  | Reached XP level 1. HP: 18/18 MP: 2/2
   185 | Abyss:1  | Noticed an ancient zyme
   192 | D:1      | Escaped the Abyss
   437 | D:1      | Gained mutation: You sometimes gain a little power by
                  | taking damage. [demonic ancestry]
   437 | D:1      | Reached XP level 2. HP: 18/24 MP: 3/3
   467 | D:1      | HP: 1/24 [jackal (2)]
   468 | D:1      | Slain by a jackal

Illustrated notes

Levels and vault maps discovered:
D:1:      beargit_arrival_diablo_church, layout_basic

Skill      XL: |  1 |
---------------+----+-----
Short Blades   | 2 |  2.5
Fighting       | |  3.0
Armour         | |  1.7
Dodging        | |  0.8
Invocations    | |  2.4

Action                   || total
-------------------------++-------
Melee: Short sword       ||    27
Invok: Depart the Abyss  ||     1
Armor: Leather armour    ||    29
Dodge: Dodged            ||    28

Table legend: (Time is in decaauts)
 A = Elapsed time spent in this place.
 B = Non-inter-level travel time spent in this place.
 C = Inter-level travel time spent in this place.
 D = Time resting spent in this place.
 E = Time spent auto-exploring this place.
 F = Levels seen in this place.
 G = Mean time per level.
                   A        B        C        D        E       F      G
               +--------+--------+--------+--------+--------+-----+--------+
         Total |    467 |    467 |      0 |      0 |    382 |   2 |  233.5 |
       Dungeon |    275 |    275 |      0 |      0 |    198 |   1 |  275.0 |
         Abyss |    192 |    192 |      0 |      0 |    184 |   1 |  192.0 |
               +--------+--------+--------+--------+--------+-----+--------+

Top non-repeatable levels by time:
     D:1: 275 daAuts
 Abyss:1: 192 daAuts
